AoeStats
← 7別再打我了啦

Hideout

503122967Analyzed
4v4 RM · 1mo ago on Aug 30, 2026· 44m 30s· 8 players
Game mode
Random Map
Map size
Large (8 player)
Population
200
Speed
Normal
Resources
Standard
Victory
Conquest
Starting age
Dark Age
Ending age
Imperial Age
RankedLock teamsTeams togetherTeam positionsShared explorationLock speedFull tech treeHidden civsTurbo modeCheats
Victory
Defeat
🇨🇳 Teutons · China
927
+16
🇨🇳 Huns · China
910
+17
🇫🇷 Khmer · France
908
+17
🇹🇷 Sicilians · Türkiye
907
+17
🇹🇷 Goths · Türkiye
939
-17
🇹🇼 Khmer · Taiwan
937
-17
🇺🇸 Teutons · United States
935
-17
🇹🇼 Huns · Taiwan
883
-15
razors-38i
11:00 Feudal Age
14:47 Castle Age
13:09 Double-Bit Axe
14:05 Horse Collar
16:43 Bow Saw
23:27 Gold Mining
23:28 Stone Mining
23:31 Gold Mining
24:38 Bloodlines
28:33 Imperial Age
26:49 Forging
26:46 Scale Barding Armor
28:06 Iron Casting
29:14 Bloodlines
29:05 Husbandry
29:09 Tusk Swords
30:14 Conscription
30:10 Heavy Plow
30:51 Chain Barding Armor
33:57 Blast Furnace
34:12 Elite Battle Elephant
36:23 Double Crossbow
37:28 Plate Barding Armor
39:11 Heavy Scorpion
41:56 Gold Shaft Mining
Hayallerde
0:29 Loom
13:33 Feudal Age
14:57 Town Watch
17:17 Horse Collar
22:07 Double-Bit Axe
33:36 Castle Age
32:09 Man-at-Arms
33:32 Stone Mining
34:30 Heavy Plow
40:05 Light Cavalry
可可
10:21 Feudal Age
16:35 Castle Age
18:46 Stone Mining
20:12 Stone Shaft Mining
23:01 Wheelbarrow
27:37 Scale Mail Armor
27:22 Horse Collar
27:29 Double-Bit Axe
27:36 Gold Mining
28:36 Bow Saw
28:48 Hand Cart
31:08 Imperial Age
31:53 Town Watch
31:54 Loom
32:54 Conscription
34:15 Chain Mail Armor
34:12 Forging
33:52 Fletching
36:20 Caravan
38:22 Plate Mail Armor
38:27 Iron Casting
38:15 Heavy Plow
38:45 Elite Teutonic Knight
41:43 Two-Man Saw
43:08 Blast Furnace
42:35 Ironclad
42:36 Crenellations
45:20 Crop Rotation
45:33 Hoardings
45:08 Squires
44:54 Arson
刚被警方控制
10:42 Feudal Age
9:57 Loom
16:17 Castle Age
14:48 Double-Bit Axe
15:23 Horse Collar
18:10 Wheelbarrow
25:19 Bow Saw
26:08 Marauders
26:26 Gold Mining
28:20 Hand Cart
32:49 Imperial Age
30:41 Scale Barding Armor
30:47 Forging
31:42 Gold Shaft Mining
31:53 Chain Barding Armor
31:47 Bloodlines
31:38 Husbandry
33:08 Heavy Plow
34:15 Conscription
33:45 Elite Tarkan
35:12 Iron Casting
36:17 Chemistry
38:33 Blast Furnace
42:40 Plate Barding Armor
John Wayne
1:01 Loom
12:54 Feudal Age
13:12 Man-at-Arms
14:34 Wheelbarrow
13:42 Horse Collar
14:47 Double-Bit Axe
15:18 Gold Mining
17:51 Stone Mining
19:29 Forging
19:51 Scale Mail Armor
25:23 Castle Age
26:20 Hand Cart
25:30 Pikeman
26:13 Squires
25:35 Long Swordsman
26:01 Gambesons
27:30 Bow Saw
27:26 Heavy Plow
28:37 Fortified Wall
31:47 Ironclad
32:35 Stone Shaft Mining
33:23 Iron Casting
33:09 Chain Mail Armor
37:45 Imperial Age
7別再打我了啦
0:32 Loom
12:58 Feudal Age
15:12 Wheelbarrow
18:57 Stone Mining
20:10 Gold Mining
23:08 Castle Age
22:25 Horse Collar
39:44 Hand Cart
41:32 Pikeman
42:12 Squires
41:58 Arson
43:04 Heavy Plow
42:58 Double-Bit Axe
YAMAHA
0:57 Loom
9:46 Feudal Age
17:24 Man-at-Arms
21:04 Castle Age
18:58 Gold Mining
25:57 Double-Bit Axe
25:57 Horse Collar
26:58 Wheelbarrow
31:40 Pikeman
32:21 Squires
33:13 Bow Saw
33:18 Heavy Plow
34:31 Scale Mail Armor
34:41 Forging
38:04 Imperial Age
37:20 Iron Casting
37:48 Chain Mail Armor
38:56 Perfusion
43:03 Blast Furnace
SUZUKI
1:23 Loom
11:51 Feudal Age
13:38 Double-Bit Axe
18:19 Castle Age
16:38 Gold Mining
19:55 Bow Saw
20:58 Gold Shaft Mining
20:53 Stone Mining
22:40 Stone Shaft Mining
25:11 Arson
24:47 Pikeman
25:16 Horse Collar
30:59 Wheelbarrow
30:10 Town Watch
31:38 Caravan
35:35 Imperial Age
36:49 Forging
36:39 Scale Mail Armor
37:24 Conscription
37:14 Double Crossbow
37:05 Halberdier
40:42 Fortified Wall
Connection lost

Rejoining the realm…

Still unreachable

The connection could not be restored.

Session expired

The server has moved on; the page needs a fresh start.